 Dungeon Crawl Stone Soup version 0.30-a0-377-g5cb311bc9f (webtiles) character file.

Game seed: 1898872510381923073

109755 flotson the Fighter (level 16, -1/114 HPs)
             Began as a Demonspawn Delver on Nov 29, 2022.
             Was the Champion of Hepliaklqana.
             Constricted to death by an anaconda (2 damage)
             ... led by a naga ritualist
             ... on level 3 of the Snake Pit on Nov 30, 2022.
             The game lasted 00:43:09 (27063 turns).

flotson the Fighter (Demonspawn Delver)            Turns: 27063, Time: 00:43:09

Health: -1/114     AC: 21    Str: 24    XL:     16   Next: 5%
Magic:  22/22      EV:  7    Int: 14    God:    Hepliaklqana [******]
Gold:   3137       SH: 21    Dex: 13    Spells: 15/15 levels left

rFire   . . .      SeeInvis .    b - +0 broad axe
rCold   + . .      Faith    .    j - +0 tower shield
rNeg    . . .      Spirit   .    q - +0 storm dragon scales
rPois   +          Reflect  +    (helmet restricted)
rElec   +          Harm     .    (no cloak)
rCorr   .          Rampage  .    T - +0 pair of gloves
Will    +....                    W - +1 pair of boots of Whack-A-Mole {+Inv rPois rC+ Dex-2}
Stlth   ..........               L - amulet of reflection
HPRegen 0.39/turn                m - +6 ring of strength
MPRegen 0.18/turn                H - +4 ring of slaying

@: constricted, studying Axes
A: reduced essence, horns 1, yellow scales 2, demonic guardian 3, ignite blood 2
a: Renounce Religion, Evoke Invisibility, Recall Ancestor, Ancestor Identity,
Transference, Idealise


You were on level 3 of the Snake Pit.
You worshipped Hepliaklqana.
Hepliaklqana was exalted by your worship.
You visited 4 branches of the dungeon, and saw 25 of its levels.
You also visited: Ossuary.

You collected 3797 gold pieces.
You spent 660 gold pieces at shops.

Inventory:

Hand Weapons
 a - a +0 eveningstar
 b - a +0 broad axe (weapon)
Missiles
 u - 6 silver boomerangs (quivered)
 x - 3 throwing nets
 z - 3 boomerangs of dispersal
 D - 4 silver javelins
 R - 12 curare-tipped darts
Armour
 j - a +0 tower shield (worn)
 q - +0 storm dragon scales (worn)
 T - a +0 pair of gloves (worn)
 W - the +1 pair of boots of Whack-A-Mole (worn) {+Inv rPois rC+ Dex-2}
   (You found it on level 1 of the Orcish Mines)

   Dex:       It affects your dexterity (-2).
   rC:        It protects you from cold.
   rPois:     It protects you from poison.
   +Inv:      It lets you turn invisible.
Jewellery
 m - a +6 ring of strength (left hand)
 t - an amulet of guardian spirit
 H - a +4 ring of slaying (right hand)
 L - an amulet of reflection (around neck)
 M - a ring of protection from fire
 N - a ring of see invisible
Wands
 g - a wand of digging (9)
 J - a wand of roots (21)
 X - a wand of light (1)
 Y - a wand of paralysis (14)
 Z - a wand of mindburst (9)
Scrolls
 c - a scroll of fog
 d - 5 scrolls of magic mapping
 e - 4 scrolls of fear
 l - 3 scrolls of butterflies
 n - 12 scrolls of teleportation
 p - 5 scrolls of poison
 r - a scroll of summoning {unknown}
 w - 4 scrolls of vulnerability
 y - 3 scrolls of enchant weapon {unknown}
 A - 7 scrolls of blinking
 C - 6 scrolls of immolation
 E - 2 scrolls of torment {unknown}
 G - 2 scrolls of silence {unknown}
 O - a scroll of enchant armour {unknown}
 P - 2 scrolls of amnesia {unknown}
 S - 2 scrolls of brand weapon {unknown}
 U - 3 scrolls of noise {unknown}
Potions
 f - 4 potions of haste
 h - 19 potions of curing
 i - 10 potions of heal wounds
 k - 3 potions of resistance
 o - 4 potions of berserk rage
 s - 4 potions of lignification
 v - 6 potions of flight
 B - 8 potions of might
 F - a potion of invisibility
 K - a potion of ambrosia
 Q - 4 potions of attraction
 V - 3 potions of cancellation
Miscellaneous
 I - a tin of tremorstones (2/2)


   Skills:
 + Level 11.8 Fighting
 * Level 6.5(8.6) Axes
 - Level 8.5(9.5) Maces & Flails
 - Level 1.7(4.4) Polearms
 - Level 10.0 Throwing
 + Level 10.4 Armour
 + Level 10.6 Dodging
 - Level 4.5 Stealth
 + Level 10.5 Shields
 - Level 8.0 Invocations
 - Level 10.8 Evocations


You had 15 spell levels left.
You didn't know any spells.
Your spell library contained the following spells:

 Spells                   Type           Power      Damage    Failure   Level
 Apportation              Tloc           0%         N/A       100%        1
 Magic Dart               Conj           0%         1d3       100%        1
 Necrotise                Necr           0%         1d4       100%        1
 Summon Small Mammal      Summ           0%         N/A       100%        1
 Call Imp                 Summ           0%         N/A       100%        2
 Scorch                   Fire           0%         2d5       100%        2
 Mephitic Cloud           Conj/Pois/Air  0%         N/A       100%        3
 Tukima's Dance           Hex            0%         N/A       100%        3
 Flame Wave               Conj/Fire      0%         2d4       100%        4
 Leda's Liquefaction      Hex/Erth       0%         N/A       100%        4
 Olgreb's Toxic Radiance  Pois           0%         N/A       100%        4
 Passage of Golubria      Tloc           0%         N/A       100%        4
 Iskenderun's Battlesphe  Conj           0%         2d6       100%        5
 Lee's Rapid Deconstruct  Erth           0%         3d4*      100%        5
 Yara's Violent Unravell  Hex/Tmut       0%         3d3       100%        5
 Iron Shot                Conj/Erth      0%         9d1       100%        6
 Statue Form              Tmut/Erth      0%         N/A       100%        6
 Summon Cactus Giant      Summ           0%         N/A       100%        6
 Enfeeble                 Hex            0%         N/A       100%        7
 Ozocubu's Refrigeration  Ice            0%         4d7       100%        7
 Spellforged Servitor     Conj/Summ      0%         N/A       100%        7
 Ignition                 Fire           0%         3d3       100%        8


Dungeon Overview and Level Annotations

Branches:
Dungeon (15/15)            Temple (0/1) D:7            Lair (5/5) D:9
 Shoals (0/4) Lair:3        Snake (3/4) Lair:3        Slime (0/5) Lair:4
    Orc (2/2) D:11            Elf (0/3) Orc:2        Vaults (0/5) D:13
 Depths (0/4) D:15        Ossuary (visited)

Altars:
Cheibriados
Gozag
Hepliaklqana
Kikubaaqudgha
Makhleb
Okawaru
Ru
Trog
Yredelemnul
Jiyva

Shops:
Orc:2 **((

Portals:
Abyss: D:3


Innate Abilities, Weirdness & Mutations

Your life essence is reduced to manifest your ancestor. (-10% HP)
You have a pair of small horns on your head.
You are mostly covered in yellow scales. (AC +3)
A powerful demonic guardian rushes to your aid.
Your demonic aura often causes spilled blood to erupt in flames.


Message History

The anaconda constricts you.
* * * LOW HITPOINT WARNING * * *
A demonic guardian appears!
The black mamba bites you but does no damage.
You barely miss the black mamba. Your headbutt misses the black mamba.
The black mamba is moderately wounded.
You barely miss the anaconda.
You feel sick. You block the anaconda's attack. The anaconda constricts you.
The black mamba bites you but does no damage.
You block the anaconda's attack. The anaconda constricts you.
* * * LOW HITPOINT WARNING * * *
Kateb closely misses the black mamba.
The black mamba completely misses you.
You slash the anaconda!
The anaconda is moderately wounded.
You barely miss the black mamba.
You feel sick.
You are no longer poisoned.
The anaconda is engulfed in blazing flames.
You block the anaconda's attack. The anaconda constricts you.
You block the black mamba's attack.
The anaconda is engulfed in blazing flames.
The anaconda bites you but does no damage.
The anaconda constricts you. The black mamba bites you!
* * * LOW HITPOINT WARNING * * *
Kateb hits the black mamba with a +0 quarterstaff!!
Your lorocyproca hits the black mamba.
The black mamba dies!
The anaconda is engulfed in blazing flames.
The anaconda bites you.
* * * LOW HITPOINT WARNING * * *
The anaconda constricts you.
Kateb hits the anaconda with a +0 quarterstaff!
The anaconda's grasp on you weakens, but your attempt to escape fails.
The anaconda is engulfed in blazing flames.
You block the anaconda's attack. The anaconda constricts you.
* * * LOW HITPOINT WARNING * * *
The anaconda is engulfed in blazing flames.
The anaconda bites you.
* * * LOW HITPOINT WARNING * * *
The anaconda constricts you.
You die...

###########
######.........#
........<......#
#####2@)...!..#
#SR.......#
#.######### ..
###


You could see the friendly Kateb the battlemage, an anaconda (ally target) and a
friendly lorocyproca (summoned, invisible).

Vanquished Creatures
  A nagaraja (Snake:2)
  The ghost of AigisTheKnight the Earth Mage, a journeyman GrEE of the Shining One (Orc:1)
  An orc warlord (Orc:1)
  6 hydras
  Fannar (D:11)
  A death knight (D:12)
  3 centaur warriors
  3 anacondas
  A dancing weapon (D:13)
  3 two-headed ogres
  A catoblepas (D:14)
  A boulder beetle (D:10)
  A naga warrior (Snake:2)
  3 naga sharpshooters
  4 orc high priests (Orc:2)
  Urug (Lair:3)
  Lodul (D:10)
  4 naga ritualists
  3 orc knights
  9 mana vipers
  An orc sorcerer (Orc:2)
  6 ugly things (D:14)
  6 cyclopes
  A manticore (D:13)
  A moth of wrath (Orc:1)
  21 black mambas
  6 elephants (Lair:5)
  Joseph (Lair:1)
  3 cane toads (Lair:5)
  Psyche (D:8)
  A komodo dragon (shapeshifter) (D:14)
  A rime drake (Lair:2)
  11 komodo dragons
  A kobold demonologist (D:13)
  4 wandering mushrooms (Lair:4)
  3 polar bears (Lair:5)
  3 trolls (Orc:1)
  16 blink frogs
  6 hornets
  2 slime creatures (D:15)
  A blink frog (shapeshifter) (D:15)
  A dream sheep (Lair:3)
  7 spriggans (Lair:5)
  The ghost of lesbiats the Ruffian, an amateur TrFi (D:3)
  Sigmund (D:5)
  A shadow (D:10)
  A wraith (D:8)
  A wyvern (Lair:5)
  11 yaks
  Grum (Lair:1)
  Eustachio (D:5)
  A basilisk (Lair:3)
  3 vampire mosquitoes
  4 wargs
  5 nagas
  16 water moccasins
  An acid dragon (D:9)
  22 orc warriors
  An ice beast (D:5)
  3 black bears (Lair:5)
  2 boggarts (Lair:5)
  10 centaurs
  9 ogres
  38 wolves
  A kobold brigand (D:8)
  4 bullfrogs
  A necrophage (D:7)
  A water moccasin zombie (Ossuary)
  A ballistomycete (Lair:4)
  12 killer bees
  5 howler monkeys
  3 hounds
  3 jellies
  19 orc priests
  An iron imp (D:3)
  Jessica (D:3)
  4 iguanas
  6 orc wizards
  Natasha (D:2)
  2 mummies
  4 gnolls
  3 adders
  3 adder zombies (Ossuary)
  A worm (D:5)
  44 orcs
  4 ball pythons
  3 goblins
  2 hobgoblins
  5 jackals
  5 kobolds
  2 quokkas
  2 frilled lizards
  2 gnoll zombies (Ossuary)
  A hobgoblin zombie (Ossuary)
  4 kobold zombies (Ossuary)
  3 orc zombies
  4 rats
443 creatures vanquished.

Vanquished Creatures (collateral kills)
  2 stone giants
  Harold (D:11)
  2 hydras
  A boulder beetle (D:11)
  2 centaur warriors
  A dancing weapon (D:13)
  An anaconda (Snake:2)
  A naga warrior (Snake:1)
  An orc high priest (Orc:2)
  Sonja (Lair:3)
  Nergalle (Lair:2)
  Amaemon (D:8)
  2 skeletal warriors (D:12)
  A naga ritualist (Snake:2)
  A lindwurm (Lair:5)
  A phantasmal warrior (D:12)
  3 orc knights
  A deep elf pyromancer (D:13)
  A mana viper (Snake:2)
  A salamander (Snake:1)
  2 ugly things
  A manticore (D:14)
  2 cyclopes
  6 elephants (Lair:5)
  8 black mambas
  6 cane toads
  4 naga magi
  An orange demon (D:8)
  A gargoyle (D:13)
  A torpor snail (Lair:3)
  Maggie (Lair:2)
  A rime drake (Lair:3)
  5 komodo dragons
  A hornet (Lair:5)
  A troll (D:7)
  4 slime creatures
  3 polar bears
  7 blink frogs
  4 dream sheep (Lair:5)
  A shadow (D:12)
  4 yaks
  5 spriggans (Lair:5)
  3 wraiths
  2 basilisks
  3 vampire mosquitoes (D:14)
  A warg (Orc:1)
  4 nagas
  6 water moccasins
  18 orc warriors
  2 black bears
  2 ice beasts
  6 ogres
  3 boggarts (Lair:5)
  A centaur (D:9)
  15 wolves
  A phantom (D:5)
  Blork the orc (D:6)
  A small abomination (D:3)
  2 bullfrogs (D:6)
  A necrophage (D:7)
  3 scorpions (D:6)
  2 water moccasin zombies (Ossuary)
  4 killer bees
  A howler monkey (D:10)
  A hound (D:5)
  27 orc priests
  A gnoll bouda (D:7)
  12 orc wizards
  A mummy (Ossuary)
  3 gnolls
  4 adders
  3 white imps
  2 ufetubi
  3 adder zombies (Ossuary)
  42 orcs
  2 endoplasms (D:3)
  3 gnoll zombies (Ossuary)
  2 goblins (D:2)
  3 hobgoblins
  3 jackals (D:3)
  2 ball pythons (D:4)
  5 frilled lizards
  2 hobgoblin zombies
  5 kobolds
  A kobold zombie (Ossuary)
  3 orc zombies (Ossuary)
  2 rats (D:1)
309 creatures vanquished.

Vanquished Creatures (others)
  19 battlemagi
  4 ballistomycete spores (Lair:4)
  43 fungi
  40 plants
106 creatures vanquished.

Grand Total: 858 creatures vanquished

Notes
Turn   | Place    | Note
-------+----------+-------------------------------------------
     0 | D:5      | flotson the Demonspawn Delver began the quest for the Orb.
     0 | D:5      | Reached XP level 1. HP: 18/18 MP: 1/1
     2 | D:5      | Found a bloodstained altar of Trog.
     8 | D:5      | Became a worshipper of Hepliaklqana the Forgotten
   176 | D:5      | Reached skill level 1 in Invocations
   176 | D:5      | Gained mutation: A weak demonic guardian rushes to your
                  | aid. [demonic ancestry]
   176 | D:5      | Reached XP level 2. HP: 12/24 MP: 2/2
   256 | D:5      | Noticed a centaur
   614 | D:2      | Reached * piety under Hepliaklqana
   854 | D:1      | Gained mutation: You have a pair of small horns on your
                  | head. [demonic ancestry]
   854 | D:1      | Reached XP level 3. HP: 22/26 MP: 3/3
  1012 | D:1      | Found a faded altar of an unknown god.
  1216 | D:1      | Reached ** piety under Hepliaklqana
  1217 | D:1      | Remembered your ancestor Kateb as a battlemage
  1419 | D:2      | Reached skill level 1 in Evocations
  1488 | D:2      | Noticed Natasha
  1493 | D:2      | Killed Natasha
  1494 | D:2      | Reached skill level 1 in Armour
  1494 | D:2      | Reached XP level 4. HP: 31/31 MP: 5/5
  1710 | D:3      | Noticed a black bear
  1712 | D:3      | Reached skill level 1 in Throwing
  1717 | D:3      | Killed a black bear
  1718 | D:3      | Reached skill level 1 in Shields
  1718 | D:3      | Gained mutation: Your demonic aura sometimes causes spilled
                  | blood to erupt in flames. [demonic ancestry]
  1718 | D:3      | Reached XP level 5. HP: 13/37 MP: 6/6
  1842 | D:3      | Identified the +0 robe "Ronethewaal" {*Slow rPois rN+}
  1906 | D:3      | Found a transporter.
  2091 | D:3      | Noticed Jessica
  2092 | D:3      | Found a transporter.
  2092 | D:3      | Found a one-way gate to the infinite horrors of the Abyss.
  2092 | D:3      | Noticed lesbiats's ghost (amateur TrFi)
  2096 | D:3      | Killed Jessica
  2097 | D:3      | Reached XP level 6. HP: 43/43 MP: 8/8
  2496 | D:4      | Reached skill level 4 in Fighting
  2969 | D:5      | Found a snail-covered altar of Cheibriados.
  3067 | D:5      | Noticed Eustachio
  3070 | D:5      | Reached XP level 7. HP: 30/48 MP: 9/9
  3077 | D:5      | Killed Eustachio
  3347 | D:5      | Reached XP level 8. HP: 48/54 MP: 11/11
  3408 | D:5      | Noticed Sigmund
  3410 | D:5      | Killed Sigmund
  3856 | D:6      | Reached skill level 5 in Invocations
  3858 | D:6      | Reached skill level 5 in Fighting
  3867 | D:6      | Reached *** piety under Hepliaklqana
  4107 | D:6      | Found a basalt altar of Yredelemnul.
  4109 | D:6      | Noticed a profane servitor
  4266 | D:6      | Noticed Blork the orc
  4274 | D:6      | Killed Blork the orc
  4611 | D:6      | Noticed an angel
  4679 | D:7      | Found a sand-covered staircase.
  4687 | D:7      | Gained mutation: You are partially covered in yellow
                  | scales. (AC +2) [demonic ancestry]
  4687 | D:7      | Reached XP level 9. HP: 40/61 MP: 13/13
  4689 | Ossuary  | Entered an ossuary
  5288 | D:7      | Reached **** piety under Hepliaklqana
  5327 | D:7      | Noticed a troll
  5332 | D:7      | Killed a troll
  5403 | D:7      | Found an iron altar of Okawaru.
  5527 | D:7      | Found a staircase to the Ecumenical Temple.
  6004 | D:8      | Noticed Amaemon
  6004 | D:8      | Noticed an orange demon
  6197 | D:8      | Reached skill level 6 in Fighting
  6204 | D:8      | Reached skill level 5 in Evocations
  6251 | D:8      | Reached skill level 5 in Dodging
  6312 | D:8      | Noticed Psyche
  6318 | D:8      | Killed Psyche
  6436 | D:8      | Killed an orange demon
  6437 | D:8      | Gained mutation: You are mostly covered in yellow scales.
                  | (AC +3) [demonic ancestry]
  6437 | D:8      | Reached XP level 10. HP: 68/68 MP: 15/15
  6450 | D:8      | Killed Amaemon
  6451 | D:8      | Reached skill level 5 in Armour
  6825 | D:9      | Reached ***** piety under Hepliaklqana
  6918 | D:9      | Reached skill level 5 in Throwing
  6919 | D:9      | Reached skill level 5 in Shields
  6923 | D:9      | Reached skill level 1 in Maces & Flails
  6931 | D:9      | Found a staircase to the Lair.
  7506 | D:9      | Found a sacrificial altar of Ru.
  7802 | D:10     | Entered Level 10 of the Dungeon
  7859 | D:10     | Found a burning altar of Makhleb.
  7961 | D:10     | Noticed Lodul
  7996 | D:10     | HP: 1/69 [Lodul/bolt of lightning (5)]
  8308 | D:10     | Noticed a boulder beetle
  8313 | D:10     | Killed a boulder beetle
  8314 | D:10     | Reached skill level 7 in Fighting
  8658 | D:10     | Reached XP level 11. HP: 75/75 MP: 17/17
  8862 | D:10     | Killed Lodul
  9059 | Lair:1   | Entered Level 1 of the Lair of Beasts
  9355 | Lair:1   | Noticed Joseph
  9363 | Lair:1   | Killed Joseph
  9739 | Lair:1   | Noticed Grum
  9752 | Lair:1   | Reached skill level 8 in Fighting
  9756 | Lair:1   | Killed Grum
 10371 | Lair:2   | Gained mutation: A demonic guardian rushes to your aid.
                  | [demonic ancestry]
 10371 | Lair:2   | Reached XP level 12. HP: 74/82 MP: 18/18
 10418 | Lair:2   | Noticed Nergalle
 10432 | Lair:2   | Killed Nergalle
 10607 | Lair:2   | Noticed Maggie
 10617 | Lair:2   | Killed Maggie
 11174 | Lair:3   | Noticed Sonja
 11184 | Lair:3   | Killed Sonja
 11706 | Lair:3   | Found a staircase to the Snake Pit.
 11717 | Lair:3   | Reached skill level 5 in Maces & Flails
 11865 | Lair:3   | Noticed a five-headed hydra
 11885 | Lair:3   | Killed a five-headed hydra
 11957 | Lair:3   | Noticed Urug
 11969 | Lair:3   | Killed Urug
 11972 | Lair:3   | Reached skill level 9 in Fighting
 12181 | Lair:3   | Found a staircase to the Shoals.
 12241 | Lair:3   | Reached ****** piety under Hepliaklqana
 12560 | Lair:3   | Noticed an eight-headed hydra
 12563 | Lair:3   | Killed an eight-headed hydra
 12889 | Lair:4   | Reached XP level 13. HP: 63/90 MP: 14/19
 13433 | Lair:4   | Found a staircase to the Slime Pits.
 13433 | Lair:4   | Found a viscous altar of Jiyva.
 13739 | Lair:5   | Entered Level 5 of the Lair of Beasts
 15092 | Lair:5   | Reached skill level 10 in Fighting
 15216 | Lair:5   | Gained mutation: Your demonic aura often causes spilled
                  | blood to erupt in flames. [demonic ancestry]
 15216 | Lair:5   | Reached XP level 14. HP: 42/99 MP: 14/20
 16457 | D:11     | Noticed Fannar
 16466 | D:11     | Killed Fannar
 16477 | D:11     | Found a staircase to the Orcish Mines.
 16592 | D:11     | Noticed Harold
 16599 | D:11     | Killed Harold
 17433 | D:12     | Found an opulent altar of Gozag.
 17434 | D:12     | Found an opulent altar of Gozag.
 17441 | D:12     | Found an opulent altar of Gozag.
 17448 | D:12     | Found an opulent altar of Gozag.
 17846 | D:13     | Found a gate to the Vaults.
 18907 | D:14     | Reached skill level 10 in Evocations
 19855 | D:15     | Entered Level 15 of the Dungeon
 20074 | D:15     | Noticed a stone giant
 20082 | D:15     | Killed a stone giant
 20160 | D:15     | Found a staircase to the Depths.
 20601 | D:15     | Gained mutation: A powerful demonic guardian rushes to your
                  | aid. [demonic ancestry]
 20601 | D:15     | Reached XP level 15. HP: 68/105 MP: 15/21
 21049 | Orc:1    | Entered Level 1 of the Orcish Mines
 21255 | Orc:1    | Found a transporter.
 21257 | Orc:1    | Noticed AigisTheKnight's ghost (journeyman GrEE)
 21266 | Orc:1    | Found a bloodstained altar of Trog.
 21424 | Orc:1    | Found a transporter.
 21440 | Orc:1    | Reached skill level 11 in Fighting
 21846 | Orc:2    | Entered Level 2 of the Orcish Mines
 21874 | Orc:2    | Found a staircase to the Elven Halls.
 22315 | Orc:2    | Paralysed by an orc sorcerer for 4 turns
 23040 | Orc:2    | Reached skill level 10 in Dodging
 23231 | Orc:2    | Found Eciduneo's General Store.
 23234 | Orc:2    | Found Luek Fin's Antique Weapon Boutique.
 23235 | Orc:2    | Found Ynliec's Assorted Antiques.
 23236 | Orc:2    | Found Suzou's Weapon Shop.
 23239 | Orc:2    | Bought a scroll labelled DEOMPI OTECIO for 35 gold pieces
 23239 | Orc:2    | Bought a scroll labelled SIABOLA CESE for 35 gold pieces
 23239 | Orc:2    | Bought a scroll labelled AFAADE QUPAATZ for 35 gold pieces
 23239 | Orc:2    | Bought a scroll labelled VECZAS ALYET for 35 gold pieces
 23245 | Orc:2    | Bought a scroll of acquirement for 520 gold pieces
 23245 | Orc:2    | Acquired 777 gold pieces
 23543 | Orc:1    | Killed AigisTheKnight's ghost
 23544 | Orc:1    | Reached skill level 10 in Throwing
 23544 | Orc:1    | Reached skill level 10 in Shields
 23797 | Orc:1    | Identified the +1 pair of boots of Whack-A-Mole {+Inv rPois
                  | rC+ Dex-2}
 24020 | D:3      | Killed lesbiats's ghost
 24375 | Snake:1  | Entered Level 1 of the Snake Pit
 24856 | Snake:1  | Reached skill level 1 in Axes
 25066 | Snake:1  | Reached skill level 10 in Armour
 26271 | Snake:2  | Reached skill level 5 in Axes
 26716 | Snake:2  | Noticed a nagaraja
 26723 | Snake:2  | Killed a nagaraja
 26920 | Snake:2  | Reached XP level 16. HP: 89/114 MP: 22/22
 27062 | Snake:3  | HP: 3/114 [anaconda[a naga ritualist] (4)]
 27063 | Snake:3  | HP: 1/114 [anaconda[a naga ritualist] (1)]
 27063 | Snake:3  | Constricted to death by an anaconda

Illustrated notes

Levels and vault maps discovered:
D:1:      spicycebolla_green_bress_n_ham_2, layout_basic,
          shapermc_ecumenical_altar_mp_highgroup, minmay_3d_cube
D:2:      layout_rooms, uniq_natasha
D:3:      layout_rooms, gammafunk_ghost_abyssal_escape, grunt_ministairs_12,
          corexii_hall_statues_deadend, uniq_jessica
D:4:      layout_basic
D:5:      layout_basic, cheibriados_altar_1, nicolae_overflow_hidden_temple,
          uniq_eustachio, uniq_sigmund
D:6:      layout_loops_ring, grunt_temple_overflow_holy_war, uniq_blork_the_orc
D:7:      layout_layer_cave, minmay_temple_entry_statues_fountains,
          nicolae_ossuary_entry_giza, david_defended_altar_orc
D:8:      layout_basic, uniq_psyche, uniq_amaemon
D:9:      layout_stronghold, nicolae_ru_sacrificial_ziggurat,
          david_lair_shrubbed, serial_column_ruins, column_ruins_hut,
          column_ruins_corridor_T, column_ruins_grid_4, column_ruins_open_tiny,
          column_ruins_grid_3, column_ruins_open_medium, column_ruins_grid_4,
          column_ruins_open_tiny
D:10:     layout_basic, mainiacjoe_overflow_tiny_flanked,
          minmay_misc_feat_nine_boxes, uniq_lodul
D:11:     layout_roguey, erik_orc_4, minmay_stone_trees_small, uniq_fannar,
          uniq_harold
D:12:     layout_rooms, nicolae_gozag_conspicuous_consumption
D:13:     layout_irregular_city, erik_vaults_1, chequers_serial_rivers_micro_d
D:14:     layout_loops_ring, grunt_ministairs_2
D:15:     grunt_enter_depths_giant_problem, layout_irregular_city,
          minmay_misc_feat_iff
Lair:1:   layout_roguey, serial_bayou_shore_b, serial_bayou_shore_b,
          grunt_megastairs_3, uniq_joseph, uniq_grum
Lair:2:   layout_regular_city, lemuel_fruit_fields, uniq_maggie, uniq_nergalle
Lair:3:   layout_regular_city, elwin_shoals_entry_rocks,
          minmay_snake_entry_six_corridors, hangedman_lair_generics_rect,
          uniq_sonja, uniq_urug
Lair:4:   layout_long_grid, minmay_slime_entry_oklob_open
Lair:5:   minmay_lair_end_enchanted_forest, layout_regular_city
Snake:1:  layout_chambers
Snake:2:  layout_rooms
Snake:3:  layout_rooms, lemuel_fruit_tree, grunt_megastairs_1, uniq_saint_roka,
          uniq_aizul
Orc:1:    minmay_goldmine, layout_diamond_mine,
          gammafunk_ghost_wrathful_warriors
Orc:2:    st_orc_pillars, layout_diamond_mine, basic_altar

Skill      XL: |  1  2  3  4  5  6  7  8  9 10 11 12 13 14 15 |
---------------+----------------------------------------------+-----
Dodging        | 2 3 4 5 6 7 8 9 10 | 10.6
Invocations    | 1 2 3 4 5 7 8 |  8.0
Evocations     | 1 2 3 4 5 6 7 8 9 10 | 10.8
Armour         | 1 2 3 4 5 6 7 8 9 10 | 10.4
Throwing       | 1 2 3 4 5 6 7 8 9 10 | 10.0
Shields        | 1 2 3 4 5 6 7 8 9 10 | 10.5
Fighting       | 4 5 6 7 8 9 10 11 | 11.8
Maces & Flails | 2 4 5 6 8 |  8.5
Axes           | 6 |  6.5
Polearms       | |  1.7
Stealth        | |  4.5

Action                   |  1- 3 |  4- 6 |  7- 9 | 10-12 | 13-15 | 16-18 || total
-------------------------+-------+-------+-------+-------+-------+-------++-------
Melee: Spear             |    19 |       |       |       |       |       ||    19
       War axe           |    35 |    48 |       |       |       |       ||    83
       Headbutt          |     3 |    11 |    41 |    73 |   204 |     1 ||   333
       Hand axe          |       |     6 |   171 |       |       |       ||   177
       Demon whip        |       |       |       |   419 |   366 |       ||   785
       Eveningstar       |       |       |       |       |   213 |     6 ||   219
       Broad axe         |       |       |       |       |   143 |     5 ||   148
Throw: Dart              |       |       |     2 |     6 |       |       ||     8
       Boomerang         |       |       |       |     4 |       |       ||     4
Invok: Ancestor Life: Ba |     1 |       |       |       |       |       ||     1
Evoke: Wand              |     2 |       |       |       |     9 |       ||    11
  Use: Scroll            |       |       |     1 |    12 |     9 |     1 ||    23
       Potion            |       |       |     1 |       |       |       ||     1
 Stab: Sleeping          |     4 |       |       |       |       |       ||     4
       Distracted        |     1 |     1 |     2 |     6 |    18 |       ||    28
Armor: Leather armour    |     2 |       |       |       |       |       ||     2
       Storm dragon scal |    21 |    67 |   102 |   193 |   384 |    17 ||   784
Dodge: Dodged            |    10 |     8 |    30 |   117 |   264 |     5 ||   434
Block: Tower shield      |    20 |    61 |   148 |   475 |   760 |    21 ||  1485
       Reflection        |       |       |     3 |    14 |     8 |       ||    25

Table legend: (Time is in decaauts)
 A = Elapsed time spent in this place.
 B = Non-inter-level travel time spent in this place.
 C = Inter-level travel time spent in this place.
 D = Time resting spent in this place.
 E = Time spent auto-exploring this place.
 F = Levels seen in this place.
 G = Mean time per level.
                   A        B        C        D        E       F      G
               +--------+--------+--------+--------+--------+-----+--------+
         Total |  27588 |  26116 |   1472 |   1315 |  20670 |  26 | 1061.1 |
       Dungeon |  14357 |  13364 |    993 |    281 |  11151 |  15 |  957.1 |
          Lair |   7391 |   7075 |    316 |    194 |   5575 |   5 | 1478.2 |
     Snake Pit |   2729 |   2658 |     71 |    222 |   2157 |   3 |  909.7 |
  Orcish Mines |   2868 |   2778 |     90 |    618 |   1631 |   2 | 1434.0 |
       Ossuary |    242 |    242 |      0 |      0 |    155 |   1 |  242.0 |
               +--------+--------+--------+--------+--------+-----+--------+

Top non-repeatable levels by time:
  Lair:5: 2164 daAuts
  Lair:3: 1759 daAuts
   Orc:1: 1719 daAuts
 Snake:1: 1680 daAuts
     D:5: 1427 daAuts
     D:7: 1392 daAuts
     D:9: 1331 daAuts
  Lair:4: 1220 daAuts
  Lair:2: 1153 daAuts
   Orc:2: 1149 daAuts
    D:15: 1133 daAuts
    D:14: 1100 daAuts
  Lair:1: 1094 daAuts
    D:10: 1055 daAuts
 Snake:2: 1032 daAuts
